 Dungeon Crawl Stone Soup version 0.31.0-11-ge490571c62 (webtiles) character file.

Game seed: 11603567902015032278

375 qw the Skirmisher (level 6, -7/34 HPs)
             Began as a Deep Elf Hunter on Feb 5, 2024.
             Mangled by a sleepcap (16 damage)
             ... on level 3 of the Dungeon.
             The game lasted 00:00:52 (2621 turns).

qw the Skirmisher (Deep Elf Hunter)                 Turns: 2621, Time: 00:00:52

Health: -7/34      AC:  7    Str: 10    XL:     6   Next: 44%
Magic:  8/8        EV:  2    Int: 14    God:
Gold:   43         SH:  0    Dex: 18    Spells: 5/5 levels left

rFire   . . .        a - +0 shortbow
rCold   + . .        (shield currently unavailable)
rNeg    . . .        i - +0 ring mail
rPois   .            c - +0 helmet
rElec   .            (no cloak)
rCorr   .            (no gloves)
SInv    .            d - +0 pair of boots
Will    .....        (no amulet)
Stlth   +            e - ring of protection from cold
HPRegen 0.25/turn    (no ring)
MPRegen 0.11/turn

%: no passive effects
@: sleeping
A: no striking features
a: no special abilities


You were on level 3 of the Dungeon.
You visited 1 branch of the dungeon, and saw 3 of its levels.

You collected 127 gold pieces.
You spent 84 gold pieces at shops.


   Skills:
 + Level 1.5 Fighting
 - Level 10.2 Ranged Weapons
 - Level 2.4 Dodging
 - Level 1.2 Stealth


You had 5 spell levels left.
You didn't know any spells.
Your spell library was empty.

Inventory:

Hand Weapons
 a - a +0 shortbow (weapon)
Armour
 c - a +0 helmet (worn)
 d - a +0 pair of boots (worn)
 i - a +0 ring mail (worn)
Jewellery
 e - a ring of protection from cold (left hand)
Scrolls
 b - 4 scrolls of blinking {unknown}
 f - a scroll of identify
 g - a scroll of acquirement {unknown}

Dungeon Overview and Level Annotations

Branches:
Dungeon (3/15)

Altars:
Gozag

Shops:
D:3 *

Annotations:
D:3 2 transporters, Terence; qw's ghost, amateur DEHu


Message History

2610 ||| RETREEEEATING.
Enter note:
Enter note:
Enter note:
2611 ||| RETREEEEATING.
The sleepcap attacks as it pursues you! The sleepcap releases spores at you.
You are engulfed in a cloud of soporific spores!
You fall asleep.
The sleepcap releases spores at you but does no damage.
The sleepcap releases spores at you!
You wake up.
You are engulfed in a cloud of soporific spores!
You are unaffected.
You shoot an arrow. The arrow hits the sleepcap!
The sleepcap is moderately damaged.
The sleepcap releases spores at you but does no damage.
You shoot an arrow. The arrow hits the sleepcap.
The sleepcap is heavily damaged.
The sleepcap releases spores at you. The sleepcap closely misses you.
You shoot an arrow. The arrow hits the sleepcap.
The sleepcap is severely damaged.
The sleepcap releases spores at you but does no damage.
You shoot an arrow.
The arrow hits the sleepcap but does no damage.
The sleepcap is severely damaged.
The sleepcap barely misses you.
You shoot an arrow.
The arrow hits the sleepcap but does no damage.
The sleepcap is severely damaged.
The sleepcap barely misses you.
You shoot an arrow.
The arrow hits the sleepcap but does no damage.
The sleepcap is severely damaged.
The sleepcap releases spores at you.
You shoot an arrow. The arrow hits the sleepcap.
The sleepcap is severely damaged.
The sleepcap releases spores at you.
You are engulfed in a cloud of soporific spores!
You fall asleep.
The sleepcap releases spores at you!
You die...

########
#.@ff..#
#.##'''#
#.#.....#
#.#.f...#
#.##...##
##.##...########
#...##@##......#
##.## .#######.#
#.# #.#####


You could see 2 sleepcaps.

Vanquished Creatures
  Grinder (D:3)
  2 hounds
  4 gnolls
  A ribbon worm (D:2)
  An orc (D:3)
  4 ball pythons
  An endoplasm (D:2)
  6 giant cockroaches
  10 goblins
  4 hobgoblins
  4 jackals (D:1)
  2 kobolds
  3 quokkas
  7 bats
  5 frilled lizards
  6 rats
61 creatures vanquished.

Notes
Turn   | Place    | Note
-------+----------+-------------------------------------------
     0 | D:1      | qw the Deep Elf Hunter began the quest for the Orb.
     0 | D:1      | Reached XP level 1. HP: 12/12 MP: 3/3
     0 | D:1      | 0 ||| qw: Version: 0.3-a-160-g6735b56
     0 | D:1      | 0 ||| qw: Game counter: 6463
     0 | D:1      | 0 ||| qw: Melee chars always use a shield: true
     0 | D:1      | 0 ||| qw: God list: Okawaru
     0 | D:1      | 0 ||| qw: Allow faded altars: false
     0 | D:1      | 0 ||| qw: Do Orc after clearing Dungeon:15 true
     0 | D:1      | 0 ||| qw: Do second Lair branch before Depths: true
     0 | D:1      | 0 ||| qw: Lair rune preference: random
     0 | D:1      | 0 ||| qw: Goals: Normal
     0 | D:1      | 0 ||| PLANNING D:1-11
   225 | D:1      | Reached XP level 2. HP: 16/16 MP: 4/4
   231 | D:1      | Reached skill level 6 in Ranged Weapons
   551 | D:1      | Reached XP level 3. HP: 20/20 MP: 5/5
   836 | D:1      | Reached skill level 7 in Ranged Weapons
  1008 | D:1      | 1008 ||| UPGRADING to +0 pair of boots.
  1013 | D:1      | 1013 ||| UPGRADING to +0 ring mail.
  1023 | D:1      | 1023 ||| DROPPING +0 leather armour.
  1024 | D:1      | 1024 ||| UPGRADING to ring of protection from cold.
  1025 | D:1      | 1025 ||| READING 2 scrolls labelled KEMAWU XAYSEWU.
  1026 | D:1      | 1026 ||| READING scroll labelled XOERUR PIZOT.
  1030 | D:1      | 1030 ||| DRINKING 2 lumpy brown potions.
  1031 | D:1      | 1031 ||| DRINKING glowing white potion.
  1032 | D:1      | 1032 ||| DRINKING 2 fizzy yellow potions.
  1033 | D:1      | 1033 ||| DROPPING scroll of butterflies.
  1034 | D:1      | 1034 ||| DROPPING scroll of fear.
  1035 | D:1      | 1035 ||| DROPPING potion of ambrosia.
  1227 | D:2      | 1227 ||| FLEEEEING.
  1314 | D:2      | Reached XP level 4. HP: 25/25 MP: 6/6
  1524 | D:2      | Reached skill level 8 in Ranged Weapons
  1953 | D:2      | 1953 ||| UPGRADING to +0 helmet.
  1958 | D:2      | 1958 ||| READING scroll labelled MAPELO NIVOKE.
  2059 | D:2      | 2059 ||| READING scroll labelled NYAHOBEG QYFI.
  2202 | D:3      | Found an opulent altar of Gozag.
  2238 | D:3      | Found Wunigh's Assorted Antiques.
  2251 | D:3      | 2251 ||| BUYING 3 scrolls labelled TUFOOT GESU (84 gold).
  2251 | D:3      | Bought 3 scrolls labelled TUFOOT GESU for 84 gold pieces
  2251 | D:3      | 2251 ||| SHOPLISTING dark potion (25 gold, have 24).
  2251 | D:3      | 2251 ||| SHOPLISTING embroidered scarf (224 gold, have 24).
  2251 | D:3      | 2251 ||| SHOPLISTING ice dragon scales (1680 gold, have
                  | 24).
  2251 | D:3      | 2251 ||| SHOPLISTING runed helmet (210 gold, have 24).
  2251 | D:3      | 2251 ||| SHOPLISTING scroll of teleportation (84 gold, have
                  | 24).
  2251 | D:3      | 2251 ||| SHOPLISTING white potion (25 gold, have 24).
  2305 | D:3      | Noticed qw's ghost (amateur DEHu)
  2306 | D:3      | Found a transporter.
  2308 | D:3      | Noticed an ogre
  2311 | D:3      | Found a transporter.
  2311 | D:3      | Identified the +4 dire flail of Zolo {drain, Dex+3}
  2311 | D:3      | Noticed an ogre
  2369 | D:3      | Reached XP level 5. HP: 25/29 MP: 7/7
  2369 | D:3      | 2369 ||| FLEEEEING.
  2370 | D:3      | 2370 ||| FLEEEEING.
  2371 | D:3      | 2371 ||| FLEEEEING.
  2403 | D:3      | Noticed Grinder
  2407 | D:3      | Paralysed by Grinder for 5 turns
  2422 | D:3      | HP: 3/29 [Grinder/nerve-wracking pain (8)]
  2423 | D:3      | 2423 ||| DRINKING potion of heal wounds.
  2433 | D:3      | Killed Grinder
  2434 | D:3      | Reached skill level 10 in Ranged Weapons
  2434 | D:3      | Reached XP level 6. HP: 34/34 MP: 8/8
  2609 | D:3      | Noticed Terence
  2610 | D:3      | 2610 ||| RETREEEEATING.
  2611 | D:3      | 2611 ||| RETREEEEATING.
  2621 | D:3      | Mangled by a sleepcap

Levels and vault maps discovered:
D:1:      dpeg_cavernosity, layout_basic, roderic_roman_lattice
D:2:      layout_loops_corners, wander_ebering_terrifying_dragon_lair
D:3:      layout_loops_ring, mainiacjoe_overflow_boulevard, serial_shops,
          nicolae_shop_tiny_glass, gammafunk_ghost_smash, hellmonk_no_cap,
          uniq_terence, uniq_grinder

Skill      XL: |  1  2  3  4  5 |
---------------+----------------+-----
Ranged Weapons | 6 7 8 10 | 10.2
Fighting       | |  1.5
Dodging        | |  2.4
Stealth        | |  1.2

Action                     |  1- 3 |  4- 6 || total
---------------------------+-------+-------++-------
   Fire: Shortbow          |   104 |    89 ||   193
    Use: Potion            |     3 |     1 ||     4
         Scroll            |     2 |     2 ||     4
 Armour: Leather armour    |    17 |       ||    17
         Ring mail         |     6 |    26 ||    32
  Dodge: Dodged            |    19 |    18 ||    37

Table legend:
 A = Non-vault XP
 B = Vault XP
 C = Vault XP percentage of total XP
 D = Non-vault monster count
 E = Vault monster count
 F = Vault count percentage of total count
                 A         B        C        D         E       F
            +---------+---------+-------+---------+---------+-------
      Total |     234 |     302 |  56.3 |      55 |       6 |   9.8
            +---------+---------+-------+---------+---------+-------
        D:1 |      64 |       6 |   8.6 |      29 |       4 |  12.1
        D:2 |     113 |       1 |   0.9 |      17 |       1 |   5.6
        D:3 |      57 |     295 |  83.8 |       9 |       1 |  10.0
            +---------+---------+-------+---------+---------+-------
